SL
DETROIT ELITE @ THUNDER BAY NORTHERN LIONS BC
09/22/2042
 
TOP OF THE 1ST
Detroit Elite batting - Pitching for Thunder Bay Northern Lions BC : RHP Jonathan Jones
Pitching: RHP Jonathan Jones
Batting: RHB Víctor Cuevas 0-0: Swinging Strike
0-1: Called Strike
0-2: Ball
1-2: Strikes out looking
Batting: RHB Manuel Ramos 0-0: Ball
1-0: Foul Ball, location: 2F
1-1: Foul Ball, location: 2F
1-2: Foul Ball, location: 2F
1-2: Strikes out swinging
Batting: RHB Amon-Ra St. Brown 0-0: Foul Ball, location: 2F
0-1: Foul Ball, location: 2F
0-2: Ball
1-2: Ball
2-2: Ground out 1-3 (Groundball, 13, EV 80.6 MPH)
Top of the 1st over - 0 runs, 0 hits, 0 errors, 0 left on base; Detroit 0 - Thunder Bay 0
BOTTOM OF THE 1ST
Thunder Bay Northern Lions BC batting - Pitching for Detroit Elite : RHP Carl MacPherson
Pitching: RHP Carl MacPherson
Batting: LHB Ramón Padilla 0-0: Ball
1-0: Bunted foul
1-1: Ground out U3 (Groundball, 3L, EV 101.2 MPH)
Batting: RHB Griffin Woodfinlevine 0-0: Ball
1-0: Fly out, F6 (Flyball, 6D, EV 88.8 MPH)
Batting: LHB Keaton Kringlen 0-0: Ball
1-0: Ball
2-0: Called Strike
2-1: Ball
3-1: Ground out 4-3 (Groundball, 4, EV 86.9 MPH)
Bottom of the 1st over - 0 runs, 0 hits, 0 errors, 0 left on base; Detroit 0 - Thunder Bay 0
TOP OF THE 2ND
Detroit Elite batting - Pitching for Thunder Bay Northern Lions BC : RHP Jonathan Jones
Batting: LHB Jack McCusker 0-0: Ball
1-0: Ball
2-0: Fly out, F9 (Flyball, 89D, EV 86.2 MPH)
Batting: RHB Daryl Yandell 0-0: Ball
1-0: Ball
2-0: Ball
3-0: Called Strike
3-1: Base on Balls
Batting: LHB Ashley Thachi 0-0: Ball
1-0: Ball
2-0: Ball
Wild Pitch!
Daryl Yandell to second
3-0: Called Strike
3-1: SINGLE (Groundball, 56D, EV 96.2 MPH)
Daryl Yandell to third
Runner from 3rd tries for Home, SAFE, no throw by LF
Batting: RHB Freedon Akinmoladun 0-0: Grounds into double play, 4-6-3 (Groundball, 4, EV 79.4 MPH)
Top of the 2nd over - 1 run, 1 hit, 0 errors, 0 left on base; Detroit 1 - Thunder Bay 0
BOTTOM OF THE 2ND
Thunder Bay Northern Lions BC batting - Pitching for Detroit Elite : RHP Carl MacPherson
Batting: LHB Yao-pang Chiang 0-0: Ball
1-0: Ball
2-0: Foul Ball, location: 2F
2-1: Swinging Strike
2-2: Ball
3-2: Base on Balls
Batting: RHB Curf Pierstisnips 0-0: DOUBLE (Line Drive, 8RXD, EV 105.0 MPH)
Yao-pang Chiang to third
Batting: SHB Senthamilselvi Manohoran 0-0: Foul Ball, location: 2F
0-1: Foul Ball, location: 2F
0-2: Ball
1-2: Ball
2-2: Ball
3-2: Base on Balls
Batting: RHB Frank Tatum 0-0: DOUBLE (Line Drive, 78D, EV 103.8 MPH)
Yao-pang Chiang scores
Curf Pierstisnips scores
Senthamilselvi Manohoran to third
Batting: LHB Barry Flauker 0-0: Called Strike
0-1: Foul Ball, location: 2F
0-2: Ball
1-2: Ball
2-2: Foul Ball, location: 2F
2-2: SINGLE (Groundball, 56D, EV 107.5 MPH)
Senthamilselvi Manohoran scores
Frank Tatum to third
Batting: RHB Charles Josse 0-0: Ball
1-0: Ball
2-0: Called Strike
2-1: Called Strike
2-2: SINGLE (Line Drive, 7S, EV 106.9 MPH)
Frank Tatum scores
Barry Flauker to second
Runner from 2nd tries for 3rd, SAFE, no throw by LF
Batting: LHB Ramón Padilla 0-0: Ball
1-0: Swinging Strike
1-1: Ball
2-1: Ball
3-1: Base on Balls
Charles Josse to second
Batting: RHB Griffin Woodfinlevine 0-0: SINGLE (Line Drive, 56D, EV 106.2 MPH)
Barry Flauker scores
Charles Josse to third
Ramón Padilla to second
Batting: LHB Keaton Kringlen 0-0: Foul Ball, location: 2F
0-1: Ball
1-1: Foul Ball, location: 2F
1-2: SINGLE (Groundball, 34D, EV 103.8 MPH)
Charles Josse scores
Ramón Padilla to third
Griffin Woodfinlevine to second
Pitching: LHP Tony Torres
Batting: LHB Yao-pang Chiang 0-0: Called Strike
0-1: Ball
1-1: Foul Ball, location: 2F
1-2: Foul Ball, location: 2F
1-2: Ball
2-2: Strikes out swinging
Batting: RHB Curf Pierstisnips 0-0: SINGLE (Groundball, 4MD, EV 100.6 MPH)
Ramón Padilla scores
Griffin Woodfinlevine to third
Keaton Kringlen to second
Runner from 3rd tries for Home, SAFE, throw by CF to home
Batting: SHB Senthamilselvi Manohoran 0-0: Swinging Strike
0-1: Ball
1-1: Ball
2-1: Foul Ball, location: 2F
2-2: Foul Ball, location: 2F
2-2: Strikes out swinging
Batting: RHB Frank Tatum 0-0: Ball
1-0: Ball
2-0: Ground out U3 (Groundball, 34, EV 98.1 MPH)
Bottom of the 2nd over - 8 runs, 7 hits, 0 errors, 2 left on base; Detroit 1 - Thunder Bay 8
TOP OF THE 3RD
Detroit Elite batting - Pitching for Thunder Bay Northern Lions BC : RHP Jonathan Jones
Batting: LHB Murray Sperber 0-0: Ball
1-0: Ground out 4-3 (Groundball, 4S, EV 85.0 MPH)
Batting: RHB Juan Amengual 0-0: Called Strike
0-1: Reached via error on a dropped throw from SS, E3 (Groundball, 6, EV 105.0 MPH)
Batting: RHB Víctor Cuevas 0-0: Called Strike
0-1: Ball
1-1: Ball
2-1: Grounds into double play, 5-4-3 (Groundball, 5, EV 81.9 MPH)
Top of the 3rd over - 0 runs, 0 hits, 1 error, 0 left on base; Detroit 1 - Thunder Bay 8
BOTTOM OF THE 3RD
Thunder Bay Northern Lions BC batting - Pitching for Detroit Elite : LHP Tony Torres
Batting: LHB Barry Flauker 0-0: Ball
1-0: Ball
2-0: Ball
3-0: Called Strike
3-1: SINGLE (Line Drive, 56, EV 94.4 MPH)
Batting: RHB Charles Josse 0-0: Called Strike
0-1: Foul Ball, location: 2F
0-2: Foul Ball, location: 2F
0-2: Ball
1-2: Foul Ball, location: 2F
1-2: Foul Ball, location: 2F
1-2: Strikes out swinging
Batting: LHB Ramón Padilla 0-0: Ball
1-0: Foul Ball, location: 2F
1-1: Ball
2-1: Fielders Choice at 2nd, 5-4 (Groundball, 5, EV 85.0 MPH)
Batting: RHB Griffin Woodfinlevine 0-0: Reached on error, E5 (Groundball, 5L, EV 79.4 MPH)
Ramón Padilla to second
Batting: LHB Keaton Kringlen 0-0: Foul Ball, location: 2F
0-1: Ground out 4-3 (Groundball, 4, EV 103.1 MPH)
Bottom of the 3rd over - 0 runs, 1 hit, 1 error, 2 left on base; Detroit 1 - Thunder Bay 8
TOP OF THE 4TH
Detroit Elite batting - Pitching for Thunder Bay Northern Lions BC : RHP Jonathan Jones
Batting: RHB Manuel Ramos 0-0: Ball
1-0: Ball
2-0: Ball
3-0: Called Strike
3-1: Foul Ball, location: 2F
3-2: Foul Ball, location: 2F
3-2: Strikes out swinging
Batting: RHB Amon-Ra St. Brown 0-0: Ball
1-0: Swinging Strike
1-1: Ball
2-1: Ball
3-1: Base on Balls
Batting: LHB Jack McCusker 0-0: Called Strike
0-1: Called Strike
0-2: SINGLE (Groundball, 34S, EV 76.9 MPH) (infield hit)
Amon-Ra St. Brown to second
Batting: RHB Daryl Yandell 0-0: Ball
1-0: Called Strike
1-1: Ball
2-1: Foul Ball, location: 2F
2-2: Foul Ball, location: 2F
2-2: SINGLE (Groundball, 56S, EV 70.0 MPH) (infield hit)
Amon-Ra St. Brown to third
Jack McCusker to second
Batting: LHB Ashley Thachi 0-0: Foul Ball, location: 2F
0-1: Foul Ball, location: 2F
0-2: Ball
1-2: Ball
2-2: Foul Ball, location: 2F
2-2: Strikes out swinging
Batting: RHB Freedon Akinmoladun 0-0: Ball
1-0: Called Strike
1-1: Ball
2-1: Ball
3-1: Base on Balls
Amon-Ra St. Brown scores
Jack McCusker to third
Daryl Yandell to second
Batting: LHB Murray Sperber 0-0: Ball
1-0: Ball
2-0: Fly out, F3 (Line Drive, 3, EV 71.2 MPH)
Top of the 4th over - 1 run, 2 hits, 0 errors, 3 left on base; Detroit 2 - Thunder Bay 8
BOTTOM OF THE 4TH
Thunder Bay Northern Lions BC batting - Pitching for Detroit Elite : LHP Tony Torres
Batting: LHB Yao-pang Chiang 0-0: Foul Ball, location: 2F
0-1: Ball
1-1: Foul Ball, location: 2F
1-2: Foul Ball, location: 2F
1-2: SOLO HOME RUN (Flyball, 8RXD, EV 99.4 MPH), Distance : 449 ft
Batting: RHB Curf Pierstisnips 0-0: Ball
1-0: Foul Ball, location: 2F
1-1: Ball
2-1: Foul Ball, location: 2F
2-2: Foul Ball, location: 2F
2-2: Strikes out looking
Batting: SHB Senthamilselvi Manohoran 0-0: Ball
1-0: Foul Ball, location: 2F
1-1: Ball
2-1: Fly out, F8 (Flyball, 8RS, EV 91.2 MPH)
Batting: RHB Frank Tatum 0-0: SINGLE (Groundball, 6MD, EV 93.8 MPH)
Batting: LHB Barry Flauker 0-0: Called Strike
0-1: SINGLE (Groundball, 15S, EV 70.6 MPH) (infield hit)
Frank Tatum to second
Batting: RHB Charles Josse 0-0: SINGLE (Line Drive, 56D, EV 102.5 MPH)
Frank Tatum to third
Barry Flauker to second
Batting: LHB Ramón Padilla 0-0: Ball
1-0: Ground out U3 (Groundball, 3L, EV 90.0 MPH)
Bottom of the 4th over - 1 run, 4 hits, 0 errors, 3 left on base; Detroit 2 - Thunder Bay 9
TOP OF THE 5TH
Detroit Elite batting - Pitching for Thunder Bay Northern Lions BC : RHP Jonathan Jones
Batting: RHB Juan Amengual 0-0: Ground out 6-3 (Groundball, 6, EV 81.2 MPH)
Batting: RHB Víctor Cuevas 0-0: Ball
1-0: Ball
2-0: Fly out, F3 (Popup, 3SF, EV 64.4 MPH)
Batting: RHB Manuel Ramos 0-0: Ball
1-0: SOLO HOME RUN (Flyball, 7LD, EV 96.9 MPH), Distance : 355 ft
Batting: RHB Amon-Ra St. Brown 0-0: Ball
1-0: Foul Ball, location: 2F
1-1: Called Strike
1-2: Strikes out swinging
Top of the 5th over - 1 run, 1 hit, 0 errors, 0 left on base; Detroit 3 - Thunder Bay 9
BOTTOM OF THE 5TH
Thunder Bay Northern Lions BC batting - Pitching for Detroit Elite : LHP Tony Torres
Batting: RHB Griffin Woodfinlevine 0-0: Ball
1-0: Ball
2-0: Ball
3-0: Base on Balls
Pitching: RHP Martín García
Batting: LHB Keaton Kringlen 0-0: Grounds into double play, 4-6-3 (Groundball, 4, EV 89.4 MPH)
Batting: LHB Yao-pang Chiang 0-0: Ball
1-0: Foul Ball, location: 2F
1-1: Ball
2-1: Foul Ball, location: 2F
2-2: Fly out, F8 (Flyball, 8LXD, EV 106.9 MPH)
Bottom of the 5th over - 0 runs, 0 hits, 0 errors, 0 left on base; Detroit 3 - Thunder Bay 9
TOP OF THE 6TH
Detroit Elite batting - Pitching for Thunder Bay Northern Lions BC : RHP Jonathan Jones
Batting: LHB Jack McCusker 0-0: Swinging Strike
0-1: Ball
1-1: Ball
2-1: SINGLE (Groundball, 3, EV 80.0 MPH) (infield hit)
Batting: RHB Daryl Yandell 0-0: Ball
1-0: Foul Ball, location: 2F
1-1: SINGLE (Line Drive, 89M, EV 98.8 MPH)
Jack McCusker to second
Batting: LHB Ashley Thachi 0-0: Reached on error, E2 (Groundball, 15S, EV 65.0 MPH)
Jack McCusker scores
Daryl Yandell to third
Batting: RHB Freedon Akinmoladun 0-0: Called Strike
0-1: Called Strike
0-2: Strikes out swinging
Batting: LHB Murray Sperber 0-0: Hit by Pitch
Batting: RHB Juan Amengual 0-0: Swinging Strike
0-1: Called Strike
0-2: Ball
1-2: Foul Ball, location: 2F
1-2: Ground out 5-3 (Groundball, 25, EV 62.5 MPH)
Daryl Yandell scores
Ashley Thachi to third
Murray Sperber to second
Batting: RHB Víctor Cuevas 0-0: Ground out 1-3 (Groundball, 15, EV 66.9 MPH)
Top of the 6th over - 2 runs, 2 hits, 1 error, 2 left on base; Detroit 5 - Thunder Bay 9
BOTTOM OF THE 6TH
Thunder Bay Northern Lions BC batting - Pitching for Detroit Elite : RHP Martín García
Batting: RHB Curf Pierstisnips 0-0: Ball
1-0: Called Strike
1-1: Foul Ball, location: 2F
1-2: Foul Ball, location: 2F
1-2: Fly out, F7 (Line Drive, 7, EV 95.0 MPH)
Batting: SHB Senthamilselvi Manohoran 0-0: Called Strike
0-1: Foul Ball, location: 2F
0-2: Foul Ball, location: 2F
0-2: SINGLE (Line Drive, 34D, EV 99.4 MPH)
Batting: RHB Frank Tatum 0-0: Called Strike
0-1: Ball
1-1: Foul Ball, location: 2F
1-2: Grounds into double play, 6-4-3 (Groundball, 6, EV 103.1 MPH)
Bottom of the 6th over - 0 runs, 1 hit, 0 errors, 0 left on base; Detroit 5 - Thunder Bay 9
TOP OF THE 7TH
Detroit Elite batting - Pitching for Thunder Bay Northern Lions BC : RHP Jonathan Jones
Batting: RHB Manuel Ramos 0-0: Called Strike
0-1: Ball
1-1: Ball
2-1: Foul Ball, location: 2F
2-2: Ball
3-2: SINGLE (Groundball, 4S, EV 95.0 MPH) (infield hit)
Pitching: RHP Mike Dean
Pinch Runner at 1st Estanislao Hirigoyen:
Batting: RHB Amon-Ra St. Brown 0-0: Called Strike
0-1: Fly out, F4 (Line Drive, 4, EV 66.2 MPH)
Batting: LHB Jack McCusker 0-0: Ball
Estanislao Hirigoyen steals 2nd base (no throw)
1-0: Ball
Estanislao Hirigoyen steals 3rd, throwing error, E2
Estanislao Hirigoyen scores
2-0: Ball
3-0: Base on Balls
Batting: RHB Daryl Yandell 0-0: Ball
1-0: Called Strike
1-1: Foul Ball, location: 2F
1-2: Strikes out looking
Batting: LHB Ashley Thachi 0-0: Called Strike
0-1: Ball
1-1: Foul Ball, location: 2F
1-2: Foul Ball, location: 2F
1-2: Foul Ball, location: 2F
1-2: Foul Ball, location: 2F
1-2: Ball
2-2: Ball
3-2: Foul Ball, location: 2F
3-2: Base on Balls
Jack McCusker to second
Batting: RHB Freedon Akinmoladun 0-0: Called Strike
0-1: Swinging Strike
0-2: Fielders Choice at 2nd, 5-4 (Groundball, 56, EV 100.6 MPH)
Top of the 7th over - 1 run, 1 hit, 1 error, 2 left on base; Detroit 6 - Thunder Bay 9
BOTTOM OF THE 7TH
Thunder Bay Northern Lions BC batting - Pitching for Detroit Elite : RHP Martín García
Now at 3B: Estanislao Hirigoyen
Batting: LHB Barry Flauker 0-0: DOUBLE (Line Drive, 5D, EV 98.8 MPH)
Batting: RHB Charles Josse 0-0: Ball
1-0: Ground out 5-3 (Groundball, 5, EV 82.5 MPH)
Batting: LHB Ramón Padilla 0-0: Called Strike
0-1: Called Strike
0-2: Ball
1-2: Ball
2-2: Ball
3-2: Base on Balls
Batting: RHB Griffin Woodfinlevine 0-0: Called Strike
0-1: SINGLE (Line Drive, 7LS, EV 101.9 MPH)
Barry Flauker to third
Ramón Padilla to second
Runner from 3rd tries for Home, SAFE, throw by LF to home
Batting: LHB Keaton Kringlen 0-0: Ball
1-0: Foul Ball, location: 2F
1-1: Fly out, F7 (Flyball, 7LDF, EV 94.4 MPH)
Batting: LHB Yao-pang Chiang 0-0: Foul Ball, location: 2F
0-1: Ball
1-1: Ball
2-1: Ball
3-1: Base on Balls
Ramón Padilla to third
Griffin Woodfinlevine to second
Batting: RHB Curf Pierstisnips 0-0: Ball
1-0: Swinging Strike
1-1: Called Strike
1-2: Fly out, F5 (Line Drive, 5, EV 67.5 MPH)
Bottom of the 7th over - 1 run, 2 hits, 0 errors, 3 left on base; Detroit 6 - Thunder Bay 10
TOP OF THE 8TH
Detroit Elite batting - Pitching for Thunder Bay Northern Lions BC : RHP Mike Dean
Batting: LHB Murray Sperber 0-0: Called Strike
0-1: Foul Ball, location: 2F
0-2: Strikes out swinging
Batting: RHB Juan Amengual 0-0: Called Strike
0-1: Ball
1-1: Ball
2-1: Called Strike
2-2: Foul Ball, location: 2F
2-2: Ground out 6-3 (Groundball, 6, EV 77.5 MPH)
Batting: RHB Víctor Cuevas 0-0: Ball
1-0: Foul Ball, location: 2F
1-1: Ground out 6-3 (Groundball, 6, EV 98.8 MPH)
Top of the 8th over - 0 runs, 0 hits, 0 errors, 0 left on base; Detroit 6 - Thunder Bay 10
BOTTOM OF THE 8TH
Thunder Bay Northern Lions BC batting - Pitching for Detroit Elite : RHP Martín García
Batting: SHB Senthamilselvi Manohoran 0-0: Ball
1-0: Ball
2-0: Ball
3-0: Base on Balls
Pitching: RHP Jubal Ropp
Batting: RHB Frank Tatum 0-0: Bunt missed!
0-1: Ball
1-1: Bunted foul
1-2: Fly out, F9 (Line Drive, 9D, EV 93.8 MPH)
Batting: LHB Barry Flauker 0-0: Ball
1-0: SINGLE (Groundball, 4MD, EV 98.1 MPH)
Senthamilselvi Manohoran to second
Batting: RHB Charles Josse 0-0: Called Strike
0-1: Grounds into double play, 5-4-3 (Groundball, 56S, EV 90.0 MPH)
Bottom of the 8th over - 0 runs, 1 hit, 0 errors, 1 left on base; Detroit 6 - Thunder Bay 10
TOP OF THE 9TH
Detroit Elite batting - Pitching for Thunder Bay Northern Lions BC : RHP Mike Dean
Pitching: RHP Jorge Souza
Batting: RHB Estanislao Hirigoyen 0-0: Ball
1-0: Foul Ball, location: 2F
1-1: Fly out, F9 (Flyball, 89D, EV 96.2 MPH)
Batting: RHB Amon-Ra St. Brown 0-0: Called Strike
0-1: Called Strike
0-2: Foul Ball, location: 2F
0-2: Strikes out swinging
Batting: LHB Jack McCusker 0-0: Ball
1-0: Ball
2-0: DOUBLE (Line Drive, 9LS, EV 96.2 MPH)
Batting: RHB Daryl Yandell 0-0: Ball
1-0: Foul Ball, location: 2F
1-1: Swinging Strike
1-2: Foul Ball, location: 2F
1-2: Strikes out swinging
Top of the 9th over - 0 runs, 1 hit, 0 errors, 1 left on base; Detroit 6 - Thunder Bay 10
Friday, March 26th, 2021 - OOTP Baseball 20.8 Build 74